 Dungeon Crawl Stone Soup version 0.27-a0-1381-g81fdcbfb23 (webtiles) character file.

Game seed: 11051512384311360675

392 Nattfarinn the Stinger (level 6, -2/38 HPs)
             Began as an Octopode Transmuter on June 30, 2021.
             Slain by Eustachio (13 damage)
             ... on level 5 of the Dungeon.
             The game lasted 00:06:37 (5175 turns).

Nattfarinn the Stinger (Octopode Transmuter)        Turns: 5175, Time: 00:06:38

Health: -2/38      AC:  2    Str: 12    XL:     6   Next: 81%
Magic:  7/9        EV: 20    Int: 15    God:
Gold:   182        SH:  0    Dex: 17    Spells: 1/9 levels left

rFire    . . .     SeeInvis .     - Unarmed
rCold    . . .     Faith    .   (shield currently unavailable)
rNeg     . . .     Spirit   .   (helmet currently unavailable)
rPois    x         Reflect  .   (no amulet)
rElec    .         Harm     .   (no ring)
rCorr    .         Rampage  .   (no ring)
Will     .....                  (no ring)
Stlth    ++........             (no ring)
HPRegen  0.12/turn              (no ring)
MPRegen  0.11/turn              (no ring)
                                (no ring)
                                (no ring)

@: spider-form (expiring)
A: venomous fangs, almost no armour, (amphibious), 8 rings, tiny, (camouflage
1), (gelatinous body 1), (nimble swimmer 1), (tentacles)
a: End Transformation


You were on level 5 of the Dungeon.
You were a venomous arachnid creature.
You visited 1 branch of the dungeon, and saw 5 of its levels.

You collected 182 gold pieces.

Inventory:

Scrolls
 b - a scroll of fog
 g - a scroll of enchant weapon
 j - a scroll of vulnerability
Potions
 a - a potion of haste
 c - a potion of degeneration {unknown}
 d - 2 potions of curing
 e - a potion of invisibility {unknown}
 h - a potion of heal wounds {unknown}
 i - a potion of might {unknown}


   Skills:
 - Level 1.0 Fighting
 + Level 2.8 Dodging
 - Level 3.0 Unarmed Combat
 - Level 2.0 Spellcasting
 - Level 4.0 Transmutations
 * Level 2.4 Ice Magic
 - Level 5.3 Poison Magic


You had one spell level left.
You knew the following spells:

 Your Spells              Type           Power      Damage    Failure   Level
a - Beastly Appendage     Tmut           26%        N/A       13%         1
b - Spider Form           Tmut/Pois      7%         N/A       24%         3
c - Ice Form              Ice/Tmut       11%        N/A       73%         4

Your spell library contained the following spells:

 Spells                   Type           Power      Damage    Failure   Level
 Freeze                   Ice            32%        1d5       22%         1
 Magic Dart               Conj           4%         1d3       43%         1
 Wereblood                Tmut           13%        N/A       17%         2
 Frozen Ramparts          Ice            16%        1d3       47%         3
 Ozocubu's Armour         Ice            8%         N/A       47%         3
 Blink                    Tloc           N/A        N/A       54%         2
 Call Imp                 Summ           1%         N/A       54%         2
 Searing Ray              Conj           2%         3d3       54%         2
 Slow                     Hex            1%         N/A       54%         2
 Mephitic Cloud           Conj/Pois/Air  6%         N/A       54%         3
 Conjure Flame            Conj/Fire      1%         6-21      75%         3
 Dazzling Flash           Conj/Hex       2%         N/A       75%         3
 Hailstorm                Conj/Ice       5%         3d4       92%         4
 Fulminant Prism          Conj/Hex       0%         3d6       98%         4
 Iskenderun's Mystic Bla  Conj/Tloc      1%         2d3       98%         4
 Metabolic Englaciation   Hex/Ice        2%         N/A       99%         5


Dungeon Overview and Level Annotations

Branches:
Dungeon (5/15)
 Temple: D:4-7

Altars:

Shops:
D:1 *

Annotations:
D:5 Eustachio


Innate Abilities, Weirdness & Mutations

You are a venomous arachnid creature.
You have poisonous fangs.
You are tiny and dextrous.
Your spellcasting is less reliable in this form.
Your armour is entirely melded.
You are incapable of wielding weapons or throwing items.
You cannot wear most types of armour.
((You are amphibious.))
You can wear up to eight rings at the same time.
((Your skin changes colour to match your surroundings (Stealth+).))
((Your rubbery body absorbs attacks. (AC +1, EV +1)))
((You are camouflaged near water. (Stealth+)))
((You have tentacles for arms and can constrict up to eight enemies at once.))


Message History

Eustachio mumbles some strange words.
Found a stone staircase leading down.
Your transformation is almost over.
The crimson imp barely misses you.
You hit the white imp but do no damage.
The white imp is poisoned.
You barely miss the white imp.
The white imp is lightly wounded.
The quasit disappears in a puff of smoke!
The shadow imp disappears in a puff of smoke!
The crimson imp barely misses you. The white imp gestures at you.
The puff of frost hits you!
Eustachio hits you with a +5 falchion of holy wrath.
You barely miss Eustachio.
The white imp lashes its tail.
The white imp misses you. The crimson imp completely misses you.
Eustachio hits you with a +5 falchion of holy wrath!
You hit Eustachio but do no damage.
Eustachio hits you with a +5 falchion of holy wrath.
The crimson imp blinks!
The white imp barely misses you.
You hit Eustachio.
Eustachio is poisoned.
Eustachio is lightly wounded.
You kill the white imp!
Eustachio misses you. The ufetubus closely misses you.
The ufetubus completely misses you.
You barely miss Eustachio.
Eustachio is lightly wounded.
The ufetubus misses you. x2
Eustachio hits you with a +5 falchion of holy wrath.
* * * LOW HITPOINT WARNING * * *
The crimson imp blinks!
You hit Eustachio.
Eustachio is moderately wounded.
The ufetubus closely misses you. The ufetubus completely misses you.
Eustachio completely misses you. The ufetubus barely misses you.
The ufetubus closely misses you.
You hit Eustachio.
Eustachio looks as sick as possible!
Eustachio is moderately wounded.
Eustachio hits you with a +5 falchion of holy wrath!
You die...

#...# #..(#
#...# .
#####...#####..#
.......(........
..............##
..............#
#####...#######
#.$s# #...5.@#
#.#5...#
........#
....#.....
.#..#ยง##.#. #>
.. .#. # ##. ..
.


You could see Eustachio (extremely poisoned), a crimson imp (summoned) and an
ufetubus (summoned).

Vanquished Creatures
  2 ice beasts
  A hound skeleton (D:4)
  3 gnolls (D:4)
  9 adders
  An adder skeleton (D:4)
  A worm (D:2)
  4 dart slugs
  An orc (D:2)
  2 bats
  6 endoplasms
  4 giant cockroaches
  6 goblins
  7 hobgoblins
  4 jackals (D:3)
  5 quokkas
  10 ball pythons
  2 frilled lizards
  4 kobolds
  5 rats
77 creatures vanquished.

Vanquished Creatures (others)
  2 demonic plants (D:1)
  4 plants (D:2)
  2 withered plants (D:1)
8 creatures vanquished.

Grand Total: 85 creatures vanquished

Notes
Turn   | Place    | Note
-------+----------+-------------------------------------------
     0 | D:1      | Nattfarinn the Octopode Transmuter began the quest for the
                  | Orb.
     0 | D:1      | Reached XP level 1. HP: 13/13 MP: 3/3
   334 | D:1      | Reached skill level 1 in Poison Magic
   448 | D:1      | Found Mufeh's General Store.
   563 | D:1      | Reached XP level 2. HP: 18/18 MP: 5/5
   596 | D:1      | Found a faded altar of an unknown god.
   730 | D:1      | Reached skill level 2 in Poison Magic
  1799 | D:2      | Reached XP level 3. HP: 16/23 MP: 6/6
  1901 | D:2      | Learned a level 3 spell: Spider Form
  2124 | D:2      | Reached skill level 3 in Poison Magic
  2312 | D:2      | Reached XP level 4. HP: 28/28 MP: 7/7
  3004 | D:3      | Reached skill level 4 in Poison Magic
  3228 | D:3      | Reached XP level 5. HP: 25/33 MP: 2/8
  3468 | D:3      | Noticed an ice beast
  3484 | D:3      | Killed an ice beast
  3485 | D:3      | Reached skill level 5 in Poison Magic
  3857 | D:4      | Reached XP level 6. HP: 30/38 MP: 9/9
  4078 | D:4      | Learned a level 4 spell: Ice Form
  4095 | D:4      | Noticed an ice beast
  4107 | D:4      | Killed an ice beast
  4108 | D:4      | Reached skill level 1 in Ice Magic
  5085 | D:5      | Entered Level 5 of the Dungeon
  5161 | D:5      | Noticed Eustachio
  5175 | D:5      | Slain by Eustachio

Illustrated notes

Levels and vault maps discovered:
D:1:      dpeg_arrival_court, layout_loops_corners, serial_shops, shop_coins,
          shapermc_ecumenical_altar_gd, dk_noncrumbling_3,
          grunt_decor_arrowhead, bh_walls_and_bars
D:2:      layout_loops_corners, minmay_statues_item, minmay_crystal_room,
          st_stairs_1, minmay_large_rounded_square, minmay_shallow_snake_nest
D:3:      layout_rooms
D:4:      layout_loops_ring
D:5:      layout_loops_cross, kennysheep_generic_room_15, uniq_edmund,
          uniq_eustachio, uniq_pikel

Skill      XL: |  1  2  3  4  5  6 |
---------------+-------------------+-----
Poison Magic   | 1 2 3 4 5 |  5.3
Transmutations | 3 4 |  4.0
Ice Magic      | 2 |  2.4
Fighting       | |  1.0
Dodging        | |  2.8
Unarmed Combat | |  3.0
Spellcasting   | |  2.0

Action                   |  1- 3 |  4- 6 || total
-------------------------+-------+-------++-------
Melee: Unarmed           |    74 |   142 ||   216
       Constrict         |    24 |    13 ||    37
       Tentacles         |    13 |    12 ||    25
       Punch             |     1 |       ||     1
 Cast: Spider Form       |       |    17 ||    17
  Use: Scroll            |     2 |     3 ||     5
 Stab: Sleeping          |    13 |     2 ||    15
Armor: Skin              |     2 |     6 ||     8
Dodge: Dodged            |    30 |   121 ||   151

Table legend: (Time is in decaauts)
 A = Elapsed time spent in this place.
 B = Non-inter-level travel time spent in this place.
 C = Inter-level travel time spent in this place.
 D = Time resting spent in this place.
 E = Time spent auto-exploring this place.
 F = Levels seen in this place.
 G = Mean time per level.
                   A        B        C        D        E       F      G
               +--------+--------+--------+--------+--------+-----+--------+
         Total |   5163 |   4989 |    174 |    678 |   3743 |   5 | 1032.6 |
       Dungeon |   5163 |   4989 |    174 |    678 |   3743 |   5 | 1032.6 |
               +--------+--------+--------+--------+--------+-----+--------+

Top non-repeatable levels by time:
     D:2: 1574 daAuts
     D:1: 1486 daAuts
     D:4: 1247 daAuts
     D:3: 765 daAuts
     D:5: 89 daAuts
